 Dungeon Crawl Stone Soup version 0.29.1-2-gbd0b4ee654 (webtiles) character file.

Game seed: 4297175117327178846

98 Icepheonix32 the Changer (level 4, 0/35 HPs)
             Began as a Demigod Transmuter on Nov 7, 2022.
             Slain by an adder (3 damage)
             ... on level 3 of the Dungeon.
             The game lasted 00:03:53 (2605 turns).

Icepheonix32 the Changer (Demigod Transmuter)       Turns: 2605, Time: 00:03:54

Health: 0/35       AC:  2    Str: 13      XL:     4   Next: 21%
Magic:  10/10      EV: 12    Int: 12 (15) God:
Gold:   98         SH:  0    Dex: 13 (14) Spells: 1/7 levels left

rFire   . . .      SeeInvis .     - Unarmed
rCold   . . .      Faith    .   (no shield)
rNeg    . . .      Spirit   .   a - +0 robe
rPois   .          Reflect  .   (helmet currently unavailable)
rElec   .          Harm     .   (no cloak)
rCorr   .          Rampage  .   (no gloves)
Will    .....                   (boots currently unavailable)
Stlth   +.........              (no amulet)
HPRegen 0.11/turn               (no ring)
MPRegen 0.12/turn               (no ring)

@: appendages
A: horns 2, talons 2, high MP 1, forlorn, divine attributes, weak 1
a: End Transformation


You were on level 3 of the Dungeon.
You had temporarily grown beastly horns and talons.
You visited 1 branch of the dungeon, and saw 3 of its levels.

You collected 98 gold pieces.

Inventory:

Armour
 a - a +0 robe (worn)
Scrolls
 c - a scroll of noise
 f - 2 scrolls of teleportation
 j - a scroll of vulnerability
Potions
 d - a potion of flight
 e - a potion of degeneration


   Skills:
 - Level 1.0 Fighting
 - Level 2.1 Dodging
 - Level 3.2 Unarmed Combat
 - Level 2.2 Spellcasting
 + Level 3.3 Transmutations


You had one spell level left.
You knew the following spells:

 Your Spells              Type           Power      Damage    Failure   Level
a - Beastly Appendage     Tmut           18%        N/A       7%          1
b - Spider Form           Tmut/Pois      5%         N/A       38%         3
c - Wereblood             Tmut           9%         N/A       11%         2

Your spell library contained the following spells:

 Spells                   Type           Power      Damage    Failure   Level
 Slow                     Hex            4%         N/A       26%         1
 Confusing Touch          Hex            1%         N/A       63%         3
 Portal Projectile        Hex/Tloc       2%         N/A       63%         3
 Tukima's Dance           Hex            1%         N/A       63%         3
 Vampiric Draining        Necr           1%         2d6       63%         3
 Ice Form                 Ice/Tmut       5%         N/A       80%         4
 Blade Hands              Tmut           4%         N/A       88%         5


Dungeon Overview and Level Annotations

Branches:
Dungeon (3/15)


Innate Abilities, Weirdness & Mutations

You have temporarily grown beastly horns and talons.
You have an increased reservoir of magic. (+10% MP)
You shall have no god before yourself.
Your divine heritage dramatically boosts your attributes as you level up.
You are weak. (Str -2)


Message History

* * * LOW HITPOINT WARNING * * *
The adder bites you.
* * * LOW HITPOINT WARNING * * *
You feel better. The adder barely misses you.
Casting: Beastly Appendage (safe; 7% risk of failure)
Confirm with . or Enter, or press ? or * to list all spells.
You grow a pair of large bovine horns.
Your feet morph into talons.
The adder barely misses you. The adder attacks as you move away!
The adder bites you but does no damage. The adder closely misses you.
The adder bites you. The adder attacks as you move away! The adder bites you.
You hear the slow rusting of a drain.
The adder bites you.
* * * LOW HITPOINT WARNING * * *
The adder attacks as you move away! The adder bites you.
* * * LOW HITPOINT WARNING * * *
The adder barely misses you. The adder bites you.
* * * LOW HITPOINT WARNING * * *
The adder attacks as you move away! The adder bites you.
* * * LOW HITPOINT WARNING * * *
The adder barely misses you.
Unknown command.
Unknown command.
Unknown command.
You barely miss the adder. Your headbutt misses the adder.
The adder is moderately wounded.
The adder misses you.
Unknown command.
Okay, then.
Okay, then.
You hit the adder but do no damage. You claw the adder.
The adder is moderately wounded.
The adder bites you but does no damage. The adder barely misses you.
You miss the adder.
The adder is moderately wounded.
The adder barely misses you.
You closely miss the adder. You claw the adder. Your headbutt misses the adder.
The adder is severely wounded.
The adder bites you.
You die...

####.#.#
###†..##############
#.........##~~~.~~~##
#.........#~#######.#
............##~# ~#~#
####.........#.# ~#~#
#########.#~# .#~#
#.#~#####.#~#
#.##@S~~~##.#
#..########~#
###~~~~~~~~##
##########


You could see an adder.

Vanquished Creatures
  Terence (D:2)
  3 adders
  A worm (D:3)
  A dart slug (D:1)
  4 endoplasms
  A giant cockroach (D:3)
  3 goblins
  5 hobgoblins
  2 jackals (D:1)
  3 quokkas
  2 ball pythons (D:2)
  5 bats
  4 frilled lizards
  5 kobolds
  A rat (D:3)
41 creatures vanquished.

Notes
Turn   | Place    | Note
-------+----------+-------------------------------------------
     0 | D:1      | Icepheonix32 the Demigod Transmuter began the quest for the
                  | Orb.
     0 | D:1      | Reached XP level 1. HP: 15/15 MP: 5/5
   390 | D:1      | Reached XP level 2. HP: 12/22 MP: 5/7
  1140 | D:2      | Noticed Terence
  1146 | D:2      | Killed Terence
  1147 | D:2      | Reached skill level 1 in Fighting
  1147 | D:2      | Reached XP level 3. HP: 28/28 MP: 9/9
  1179 | D:2      | Learned a level 3 spell: Spider Form
  1182 | D:2      | Learned a level 2 spell: Wereblood
  2147 | D:2      | Reached XP level 4. HP: 20/35 MP: 10/10
  2481 | D:2      | Gained mutation: You are partially covered in iridescent
                  | scales. (AC +2) [potion of mutation]
  2481 | D:2      | Gained mutation: You are weak. (Str -2) [potion of
                  | mutation]
  2481 | D:2      | Lost mutation: You are partially covered in iridescent
                  | scales. (AC +2) [potion of mutation]
  2605 | D:3      | Slain by an adder

Illustrated notes

Levels and vault maps discovered:
D:1:      zaba_arrival_water, layout_rooms, chequers_ecumenical_altar_simple,
          minmay_quantized
D:2:      layout_loops_corners, uniq_terence
D:3:      layout_rooms, grunt_temple_overflow_champion_of_chaos,
          gup_sewer_entry_spiral

Skill      XL: |  1  2  3 |
---------------+----------+-----
Transmutations | 2 3 |  3.3
Unarmed Combat | 3 |  3.2
Spellcasting   | 2 |  2.2
Fighting       | 1 |  1.0
Dodging        | 2 |  2.1

Action                   |  1- 3 |  4- 6 || total
-------------------------+-------+-------++-------
Melee: Unarmed           |    92 |    31 ||   123
       Kick              |    20 |    11 ||    31
       Headbutt          |    14 |       ||    14
 Cast: Beastly Appendage |    24 |     5 ||    29
  Use: Scroll            |     5 |     3 ||     8
       Potion            |     3 |     2 ||     5
Armor: Robe              |    18 |     4 ||    22
       Skin              |     4 |       ||     4
Dodge: Dodged            |    55 |    19 ||    74
